 Dungeon Crawl Stone Soup version 0.26-a0-958-gf3041fb45f (webtiles) character file.

Game seed: 11981223923516329615

91 mhtbhm the Covered (level 4, 0/40 HPs)
             Began as a Minotaur Fighter on Nov 30, 2020.
             Slain by Natasha (5 damage)
             ... on level 2 of the Dungeon.
             The game lasted 00:01:36 (1278 turns).

mhtbhm the Covered (Minotaur Fighter)               Turns: 1278, Time: 00:01:36

Health: 0/40       AC:  8    Str: 22    XL:     4   Next: 34%
Magic:  3/3        EV: 10    Int:  5    God:
Gold:   53         SH:  0    Dex:  9    Spells: 3/3 levels left

rFire    . . .     SeeInvis .   a - +4 quarterstaff (chaos)
rCold    . . .     Faith    .   (shield currently unavailable)
rNeg     . . .     Spirit   .   b - +0 scale mail
rPois    .         Reflect  .   (helmet restricted)
rElec    .         Harm     .   c - +0 cloak
rCorr    .         Rampage  .   (no gloves)
MR       .....                  (no boots)
Stlth    ..........             (no amulet)
HPRegen  0.13/turn              (no ring)
MPRegen  0.08/turn              (no ring)

@: no status effects
A: retaliatory headbutt, horns 2
a: no special abilities


You were on level 2 of the Dungeon.
You visited 1 branch of the dungeon, and saw 2 of its levels.

You collected 53 gold pieces.

Inventory:

Hand Weapons
 a - a +4 quarterstaff of chaos (weapon)
Missiles
 h - 15 poisoned darts (quivered)
Armour
 b - a +0 scale mail (worn)
 c - a +0 cloak (worn)
Jewellery
 i - a cursed -4 ring of intelligence {unknown}
Scrolls
 f - a scroll of identify {unknown}
 g - a scroll of immolation {unknown}
 j - a scroll of teleportation {unknown}
Potions
 d - a potion of heal wounds {unknown}
 e - a potion of ambrosia {unknown}
 k - a potion of invisibility {unknown}


   Skills:
 + Level 4.2 Fighting
 - Level 3.4 Axes
 + Level 4.5 Armour
 + Level 1.1 Dodging
 - Level 0.1 Stealth
 + Level 4.2 Shields


You had 3 spell levels left.
You didn't know any spells.
Your spell library was empty.

Dungeon Overview and Level Annotations

Branches:
Dungeon (2/15)

Altars:
Cheibriados

Annotations:
D:2 Natasha


Innate Abilities, Weirdness & Mutations

You reflexively headbutt those who attack you in melee.
You have a pair of horns on your head.


Message History

You are too injured to fight recklessly!
You are too injured to fight recklessly!
You are too injured to fight recklessly!
You miss something. Your headbutt misses something.
The crimson imp barely misses you. Something claws you.
You closely miss something.
The crimson imp blinks!
Something claws you!
* * * LOW HITPOINT WARNING * * *
You closely miss something. You headbutt something.
The crimson imp blinks!
Something claws you.
* * * LOW HITPOINT WARNING * * *
You closely miss something. Your headbutt misses something.
Something claws you but does no damage.
The crimson imp blinks!
Something claws you.
* * * LOW HITPOINT WARNING * * *
Unknown command.
Okay, then.
You barely miss something.
The crimson imp disappears in a puff of smoke!
Something claws you.
You die...

#..................
#####.###.##....... ..
#†# #.#........
...#######.###.#...†....
.........#.##...........
#........##..#........
#...###§#...#...........
..#####.##..............
......§@.....####.......
........{#..#.# ####....
........##..(.#######....
...........#.............
.........##...#.##......#
.............##...._.....
...........#.####.......#
..................#####..
...>....##.......## ##.


There were no monsters in sight!

Vanquished Creatures
  Crazy Yiuf (D:2)
  Natasha (D:2)
  An ooze (D:1)
  A worm (D:2)
  A leopard gecko (D:2)
  3 orcs (D:2)
  3 bats (D:1)
  2 giant cockroaches (D:2)
  5 goblins
  2 hobgoblins (D:2)
  2 frilled lizards
  4 kobolds
  2 rats (D:1)
28 creatures vanquished.

Notes
Turn   | Place    | Note
-------+----------+-------------------------------------------
     0 | D:1      | mhtbhm the Minotaur Fighter began the quest for the Orb.
     0 | D:1      | Reached XP level 1. HP: 19/19 MP: 0/0
   205 | D:1      | Reached XP level 2. HP: 27/27 MP: 1/1
   957 | D:2      | Found a runed translucent door.
   958 | D:2      | Noticed Crazy Yiuf
   983 | D:2      | Reached XP level 3. HP: 33/33 MP: 2/2
   984 | D:2      | Found a snail-covered altar of Cheibriados.
  1024 | D:2      | Killed Crazy Yiuf
  1094 | D:2      | Noticed Natasha
  1102 | D:2      | Killed Natasha
  1103 | D:2      | Reached skill level 1 in Dodging
  1103 | D:2      | Reached XP level 4. HP: 33/40 MP: 3/3
  1268 | D:2      | Noticed Natasha
  1278 | D:2      | Slain by Natasha

Illustrated notes

Levels and vault maps discovered:
D:1:      roderic_chinese_lattice_arrival, layout_basic
D:2:      layout_rooms, cheibriados_altar_1, nicolae_ashenzari_panopticon,
          uniq_natasha, uniq_crazy_yiuf_cottage

Skill      XL: |  1  2  3 |
---------------+----------+-----
Armour         | 4 |  4.5
Shields        | 4 |  4.2
Fighting       | 4 |  4.2
Axes           | 3 |  3.4
Dodging        | 1 |  1.1
Stealth        | |  0.1

Action                   |  1- 3 |  4- 6 || total
-------------------------+-------+-------++-------
Melee: War axe           |    35 |       ||    35
       Headbutt          |     2 |     2 ||     4
       Quarterstaff      |     7 |     9 ||    16
Throw: Dart              |     1 |       ||     1
  Use: Potion            |     1 |       ||     1
Armor: Scale mail        |    20 |     2 ||    22
Dodge: Dodged            |    16 |     1 ||    17
Block: Kite shield       |    23 |       ||    23

Table legend: (Time is in decaauts)
 A = Elapsed time spent in this place.
 B = Non-inter-level travel time spent in this place.
 C = Inter-level travel time spent in this place.
 D = Time resting spent in this place.
 E = Time spent auto-exploring this place.
 F = Levels seen in this place.
 G = Mean time per level.
                   A        B        C        D        E       F      G
               +--------+--------+--------+--------+--------+-----+--------+
         Total |   1297 |   1297 |      0 |      0 |    987 |   2 |  648.5 |
       Dungeon |   1297 |   1297 |      0 |      0 |    987 |   2 |  648.5 |
               +--------+--------+--------+--------+--------+-----+--------+

Top non-repeatable levels by time:
     D:1: 947 daAuts
     D:2: 350 daAuts
